 Dungeon Crawl Stone Soup version 0.25-a0-201-g0bb11aece9 (webtiles) character file.

Game seed: 3038944735666129399, levelgen mode: deterministic

559 floatRand the Sneak (level 7, -1/46 HPs)
             Began as an Octopode Fighter on Dec 2, 2019.
             Slain by a sky beast (5 damage)
             ... on level 5 of the Dungeon.
             The game lasted 00:04:39 (4677 turns).

floatRand the Sneak (Octopode Fighter)              Turns: 4677, Time: 00:04:41

Health: -1/46      AC:  1    Str: 15    XL:     7   Next: 31%
Magic:  7/7        EV: 14    Int: 10    God:
Gold:   104        SH: 10    Dex: 14    Spells: 6/6 levels left

rFire    . . .     SeeInvis .   c - +5 short sword
rCold    . . .     Gourm    .   b - +1 shield
rNeg     . . .     Faith    .   (helmet restricted)
rPois    .         Spirit   .   h - amulet of the acrobat
rElec    .         Reflect  .   r - +2 ring of evasion
rCorr    .         Harm     .   (no ring)
MR       .....                  (no ring)
Stlth    ++++......             (no ring)
HPRegen  0.15/turn              (no ring)
MPRegen  0.10/turn              (no ring)
                                (no ring)
                                (no ring)

@: no status effects
A: almost no armour, stealthy swim, amphibious, 8 rings, constrict 8, camouflage
1, gelatinous body 1
a: no special abilities


You were on level 5 of the Dungeon.
You were not hungry.

You visited 1 branch of the dungeon, and saw 5 of its levels.

You collected 104 gold pieces.

Inventory:

Hand Weapons
 a - a +0 long sword
 c - a +5 short sword (weapon)
Armour
 b - a +1 shield (worn)
Jewellery
 h - an amulet of the acrobat (around mantle)
 r - a +2 ring of evasion (left tentacle)
Scrolls
 e - a scroll of identify
 f - 3 scrolls of enchant weapon
 g - a scroll of noise
 i - 3 scrolls of remove curse
 j - a scroll of immolation
 k - a scroll of teleportation
 q - 2 scrolls of enchant armour
Potions
 l - 2 potions of flight {unknown}
 m - a potion of magic {unknown}
 n - 2 potions of heal wounds
 o - a potion of degeneration {unknown}
 p - 2 potions of curing
Comestibles
 d - 5 rations


   Skills:
 - Level 3.0 Fighting
 + Level 4.7 Long Blades
 - Level 3.4 Dodging
 + Level 6.0 Stealth
 + Level 5.0 Shields


You had 6 spell levels left.
You didn't know any spells.
Your spell library contained the following spells:

 Spells                   Type           Power        Failure   Level  Hunger
 Animate Skeleton         Necr           N/A          80%         1    ##.....
 Apportation              Tloc           #.....       80%         1    ##.....
 Confusing Touch          Hex            #.....       80%         1    ##.....
 Magic Dart               Conj           #...         80%         1    ##.....
 Summon Small Mammal      Summ           #...         80%         1    ##.....
 Searing Ray              Conj           #.....       91%         2    ###....
 Dazzling Spray           Conj/Hex       #.....       99%         3    ####...
 Force Lance              Conj/Tloc      #.......     100%        4    #####..
 Fulminant Prism          Conj/Hex       #.........   100%        4    #####..
 Iskenderun's Mystic Bla  Conj           #.......     100%        4    #####..


Dungeon Overview and Level Annotations

Branches:
Dungeon (5/15)             Temple (0/1) D:4

Altars:
Ashenzari
Elyvilon


Innate Abilities, Weirdness & Mutations

You cannot wear most types of armour.
You are very stealthy in the water. (Stealth+)
You are amphibious.
You can wear up to eight rings at the same time.
You can use your tentacles to constrict eight enemies at once.
Your skin changes colour to match your surroundings (Stealth+).
Your rubbery body absorbs attacks. (AC +1, EV +1)


Message History

You miss something. Something completely misses you.
You hit something. Something hits you but does no damage.
You miss something. You squeeze something. Something hits you.
* * * LOW HITPOINT WARNING * * *
Something shocks you.
* * * LOW HITPOINT WARNING * * *
Unknown command.
You hit something. Something closely misses you.
You hit something. Your squeeze misses something. You block something's attack.
You miss something.
A sky beast appears from thin air!
Reactivating autopickup.
The sky beast barely misses you.
You closely miss the sky beast. You squeeze the sky beast.
The sky beast is severely wounded.
The sky beast flickers out of sight!
Deactivating autopickup; reactivate with Ctrl-A.
Something hits you.
* * * LOW HITPOINT WARNING * * *
Something shocks you.
You die...

.......#..)..###'######......#
.......'......(.......+......+
.......#........(.....#......#
......##.....##.......#......##
......#########.......#........
########.....########+#....<...
##....##.....#......(..........
##.....#.....#.................
......###'####..@{.............
..(...#......................##
##....#......................#
.######......................#
.# #......................# <#
#......................# .#
#.......############### .#
######### .#


There were no monsters in sight!

Vanquished Creatures
  An ogre (D:5)
  2 howler monkeys
  A hound (D:4)
  A bullfrog skeleton (D:4)
  2 orc priests (D:3)
  2 orc wizards (D:5)
  Terence (D:2)
  An iguana (D:5)
  A hound skeleton (D:5)
  7 adders
  2 oozes
  2 dart slugs
  2 leopard geckos (D:1)
  14 orcs
  3 giant cockroaches
  4 goblins
  6 hobgoblins
  12 jackals
  A kobold (D:3)
  2 quokkas
  3 ball pythons
  6 bats
  4 frilled lizards
  7 rats
87 creatures vanquished.

Notes
Turn   | Place    | Note
-------+----------+-------------------------------------------
     0 | D:1      | floatRand the Octopode Fighter began the quest for the Orb.
     0 | D:1      | Reached XP level 1. HP: 16/16 MP: 1/1
   119 | D:1      | Reached skill level 1 in Stealth
   140 | D:1      | Reached XP level 2. HP: 21/21 MP: 2/2
   448 | D:1      | Reached skill level 2 in Stealth
   448 | D:1      | Reached XP level 3. HP: 22/26 MP: 3/3
  1217 | D:2      | Noticed Terence
  1229 | D:2      | Killed Terence
  1229 | D:2      | Reached XP level 4. HP: 12/31 MP: 4/4
  1231 | D:2      | Reached skill level 3 in Stealth
  2356 | D:3      | Reached XP level 5. HP: 36/36 MP: 5/5
  2473 | D:3      | Reached skill level 4 in Stealth
  2558 | D:3      | Found a shattered altar of Ashenzari.
  3095 | D:4      | Reached XP level 6. HP: 42/42 MP: 6/6
  3102 | D:4      | Found a white marble altar of Elyvilon.
  3418 | D:4      | Found a staircase to the Ecumenical Temple.
  3711 | D:5      | Entered Level 5 of the Dungeon
  3840 | D:5      | Reached skill level 5 in Stealth
  3968 | D:5      | Reached XP level 7. HP: 20/46 MP: 7/7
  4350 | D:5      | Reached skill level 6 in Stealth
  4350 | D:5      | Reached skill level 5 in Shields
  4677 | D:5      | Slain by a sky beast

Levels and vault maps discovered:
D:1:      minmay_arrival_stone_box, layout_basic
D:2:      layout_loops_corners, uniq_terence
D:3:      layout_rooms, first_ration, nicolae_ashenzari_panopticon
D:4:      layout_loops_ring, minmay_temple_entry_glassed_door, elyvilon_altar_5
D:5:      layout_gridville

Skill      XL: |  1  2  3  4  5  6  7 |
---------------+----------------------+-----
Stealth        | 1 2 3 4 5 6 |  6.0
Long Blades    | 3 4 |  4.7
Shields        | 4 5 |  5.0
Fighting       | |  3.0
Dodging        | |  3.4

Action                   |  1- 3 |  4- 6 |  7- 9 || total
-------------------------+-------+-------+-------++-------
Melee: Long sword        |    48 |     1 |       ||    49
       Constrict         |    18 |    16 |     7 ||    41
       Tentacles         |    11 |    15 |     7 ||    33
       Short sword       |       |    95 |    35 ||   130
  Use: Potion            |     1 |       |       ||     1
       Scroll            |       |    13 |       ||    13
 Stab: Sleeping          |     5 |    15 |       ||    20
  Eat: Chunk             |     1 |     7 |       ||     8
       Ration            |       |     1 |       ||     1
Armor: Skin              |     1 |     3 |     2 ||     6
Dodge: Dodged            |    27 |    32 |    18 ||    77
Block: Shield            |    24 |    40 |    13 ||    77
       Rpst.: Long sword |    14 |       |       ||    14

Table legend:
 A = Non-vault XP
 B = Vault XP
 C = Vault XP percentage of total XP
 D = Non-vault monster count
 E = Vault monster count
 F = Vault count percentage of total count
                 A         B        C        D         E       F
            +---------+---------+-------+---------+---------+-------
      Total |     763 |      36 |   4.5 |      86 |       1 |   1.1
            +---------+---------+-------+---------+---------+-------
        D:1 |      40 |       0 |   0.0 |      22 |       0 |   0.0
        D:2 |      44 |      36 |  45.0 |      13 |       1 |   7.1
        D:3 |     191 |       0 |   0.0 |      28 |       0 |   0.0
        D:4 |     145 |       0 |   0.0 |       6 |       0 |   0.0
        D:5 |     343 |       0 |   0.0 |      17 |       0 |   0.0
            +---------+---------+-------+---------+---------+-------
